[Event "Titled Tuesday Blitz January 31 Early 2023"]
[White "Svane, Rasmus"]
[Black "Iliaguev, Nisim"]
[WhiteFideId "4657101"]
[BlackFideId "2817276"]
[WhiteElo "2623"]
[BlackElo "2402"]
[Result "0-1"]
[Round "03"]
[TimeControl "180+2"]
[Date "2023.01.31"]
[WhiteClock "0:00:05"]
[BlackClock "0:00:14"]

1. Nf3 Nf6 2. g3 d5 3. Bg2 Nbd7 4. d4 b5 5. a3 e6 6. Nc3 a6 7. e4 dxe4 8. Ng5 Bb7 9. Ngxe4 Qc8 10. O-O Be7 11. Bf4 O-O 12. Qe2 c5 13. dxc5 Nxc5 14. Nxc5 Bxc5 15. Rfd1 Bxg2 16. Kxg2 Qc6+ 17. Qf3 Qxf3+ 18. Kxf3 Rfd8 19. a4 b4 20. Ne4 Nxe4 21. Kxe4 Bxf2 22. a5 Bc5 23. Rd3 Kf8 24. Rad1 Ke7 25. g4 f6 26. h4 e5 27. Bg3 Rd4+ 28. Rxd4 Bxd4 29. Be1 Rb8 30. c3 bxc3 31. bxc3 Bc5 32. Rd5 Bd6 33. Bf2 Rc8 34. Kd3 Ke6 35. c4 e4+ 36. Kc3 Be5+ 37. Kb3 g6 38. Rd1 f5 39. gxf5+ gxf5 40. Bb6 f4 41. c5 e3 42. Re1 Kf5 43. Kc4 Ke4 44. Rg1 f3 45. Rg4+ Kf5 46. Rg5+ Kf4 47. Kd5 f2 48. Rxe5 f1=Q 49. Re7 Qd3+ 50. Ke6 Qe4+ 51. Kd6 Qxe7+ 52. Kxe7 e2 53. Kd7 Rxc5 54. Bxc5 e1=Q 55. Bb6 Qe2 56. Kc6 h5 57. Kb7 Kg4 58. Bd8 Qb5+ 59. Ka7 Kf5 60. Bb6 Ke6 61. Kb7 Kd7 62. Ka7 Kc8 0-1


[Site "https://www.chess.com"]

[Event "Titled Tuesday Blitz January 31 Early 2023"]
[White "Bilych, Olexiy"]
[Black "Dominguez Perez, Leinier"]
[WhiteFideId "14156504"]
[BlackFideId "3503240"]
[WhiteElo "2441"]
[BlackElo "2739"]
[Result "0-1"]
[Round "03"]
[TimeControl "180+2"]
[Date "2023.01.31"]
[WhiteClock "0:00:08"]
[BlackClock "0:00:06"]

1. d4 d5 2. c4 dxc4 3. Nf3 c6 4. a4 Nf6 5. Nc3 Bf5 6. Ne5 Nbd7 7. Nxc4 Nb6 8. Ne5 a5 9. g3 e6 10. Bg2 Bb4 11. O-O O-O 12. Re1 h6 13. e4 Bh7 14. h4 Qe7 15. Nd3 Rfd8 16. e5 Nfd5 17. Nxb4 Nxb4 18. Ne4 Bxe4 19. Bxe4 Kf8 20. Qf3 Rd7 21. Qh5 Rxd4 22. Ra3 Rad8 23. Rf3 Rd1 24. Rxd1 Rxd1+ 25. Kg2 Rd7 26. Bg6 Qe8 27. Bxh6 gxh6 28. Qxh6+ Ke7 29. Qg5+ Kf8 30. Qh6+ Ke7 31. Qg5+ Kf8 32. h5 Qe7 33. Qh6+ Ke8 34. Rxf7 Qxf7 35. Qh8+ Ke7 36. Bxf7 Kxf7 37. h6 Kg6 38. Qf6+ Kh7 39. g4 N4d5 40. Qxe6 Nf4+ 41. Kg3 Nxe6 42. f4 Kxh6 43. f5 Kg5 44. fxe6 Re7 0-1


[Site "https://www.chess.com"]

[Event "Titled Tuesday Blitz January 31 Early 2023"]
[White "Rasulov, Vugar"]
[Black "Corrales Jimenez, Fidel"]
[WhiteFideId "13402390"]
[BlackFideId "3506690"]
[WhiteElo "2523"]
[BlackElo "2489"]
[Result "1/2-1/2"]
[Round "03"]
[TimeControl "180+2"]
[Date "2023.01.31"]
[WhiteClock "0:00:06"]
[BlackClock "0:00:05"]

1. d4 Nf6 2. c4 g6 3. Nf3 Bg7 4. g3 O-O 5. Bg2 d6 6. O-O Nbd7 7. Qc2 e5 8. Rd1 a6 9. Nc3 exd4 10. Nxd4 Re8 11. b3 Rb8 12. Bb2 Ne5 13. h3 Bd7 14. Nd5 Nc6 15. e4 Nxd5 16. cxd5 Nxd4 17. Bxd4 Bxd4 18. Rxd4 Rc8 19. Rad1 Qf6 20. Qd2 Rcd8 21. Kh2 Bc8 22. Rc1 Re7 23. Rdc4 Rdd7 24. h4 Kg7 25. a4 h6 26. Qc3 Qxc3 27. R1xc3 f5 28. Bh3 Kf6 29. h5 b5 30. axb5 axb5 31. Rc6 Bb7 32. hxg6 Bxc6 33. dxc6 Rd8 34. Bxf5 d5 35. Rf3 d4 36. Rd3 Re5 37. b4 Rxf5 38. exf5 Kxf5 39. g7 Ke4 40. Rd1 Rg8 41. Re1+ Kd5 42. Re7 Kxc6 43. Kg2 Kd6 44. Rf7 c6 45. Kf3 Ke6 46. Rc7 Kd5 47. Kf4 Kd6 48. Rf7 Kd5 49. g4 Kc4 50. Ke4 d3 51. Ke3 Kc3 52. Rd7 d2 53. Rd6 Rxg7 54. Rxc6+ Kxb4 55. Kxd2 Rxg4 56. Rxh6 Ka3 57. Ra6+ Kb2 58. f3 Rc4 59. Ke3 b4 60. f4 b3 61. f5 Rb4 62. f6 Rb7 63. Kf4 Kc2 64. Ra1 b2 65. Rh1 Rd7 66. Ke5 Kb3 67. Ke6 Rc7 68. f7 Rc8 69. Ke7 Rc7+ 70. Kf6 Rxf7+ 71. Kxf7 Ka2 72. Rh2 Ka1 73. Rxb2 Kxb2 1/2-1/2


[Site "https://www.chess.com"]

[Event "Titled Tuesday Blitz January 31 Early 2023"]
[White "Mosadeghpour, Masoud"]
[Black "Sokolovsky, Yahli"]
[WhiteFideId "12519278"]
[BlackFideId "2820242"]
[WhiteElo "2472"]
[BlackElo "2461"]
[Result "1-0"]
[Round "03"]
[TimeControl "180+2"]
[Date "2023.01.31"]
[WhiteClock "0:01:36"]
[BlackClock "0:00:03"]

1. e4 g6 2. d4 Bg7 3. Nc3 a6 4. Be3 d6 5. f3 b5 6. h4 h5 7. Qd2 Nf6 8. O-O-O b4 9. Nd5 Nxd5 10. exd5 a5 11. Bb5+ Bd7 12. Bc4 Bf5 13. Ne2 Nd7 14. Ng3 Nb6 15. Nxf5 Nxc4 16. Nxg7+ Kf8 17. Ne6+ fxe6 18. Bh6+ Kg8 19. Qg5 Kh7 20. g4 exd5 21. gxh5 Rg8 22. Rhg1 Qe8 23. Rde1 e5 24. b3 a4 25. bxc4 b3 26. a3 b2+ 27. Kb1 dxc4 28. dxe5 d5 29. e6 d4 30. e7 d3 31. hxg6+ Rxg6 32. Qxg6+ Qxg6 33. Rxg6 Kxg6 34. e8=Q+ Rxe8 35. Rxe8 1-0


[Site "https://www.chess.com"]

[Event "Titled Tuesday Blitz January 31 Early 2023"]
[White "Zierk, Steven"]
[Black "Papasimakopoulos, Alexandros"]
[WhiteFideId "2034255"]
[BlackFideId "4244125"]
[WhiteElo "2488"]
[BlackElo "2401"]
[Result "1-0"]
[Round "03"]
[TimeControl "180+2"]
[Date "2023.01.31"]
[WhiteClock "0:00:12"]
[BlackClock "0:00:01"]

1. e4 e6 2. d4 d5 3. Nc3 Bb4 4. e5 c5 5. Bd2 Ne7 6. Nb5 Bxd2+ 7. Qxd2 O-O 8. f4 a6 9. Nd6 cxd4 10. Nf3 Nbc6 11. Bd3 f6 12. O-O fxe5 13. fxe5 Rxf3 14. gxf3 Nxe5 15. Nxc8 Rxc8 16. Rae1 Qd6 17. Kh1 Rf8 18. f4 Nc4 19. Bxc4 dxc4 20. Qe2 Qd5+ 21. Qe4 Kf7 22. Kg1 Qxe4 23. Rxe4 Rd8 24. Rd1 Nf5 25. c3 b5 26. cxd4 Kf6 27. Kf2 Rd6 28. Re2 Nxd4 29. Red2 e5 30. Ke3 Nf5+ 31. Kf3 Re6 32. fxe5+ Rxe5 33. Re2 Rc5 34. Rc2 Rc6 35. Rd8 Ke7 36. Rcd2 b4 37. Kf4 c3 38. R2d7+ Ke6 39. Rd1 cxb2 40. Re1+ Kf6 41. Rf8+ Kg6 42. Rg1+ Kh6 43. Rb1 Nd4 44. Rxb2 Ne6+ 45. Ke5 Nxf8 46. Kd5 Rg6 47. Rxb4 Rg5+ 48. Kd6 Rg6+ 49. Ke7 Ne6 50. Rh4+ Kg5 51. Rxh7 Nc5 52. Kf7 Na4 53. h4+ Kf5 54. Rh5+ Kg4 55. Kxg6 Nc3 56. Ra5 Kxh4 57. Rxa6 Kg4 58. Rc6 Nb5 59. a4 Na7 60. Rc7 1-0


[Site "https://www.chess.com"]

[Event "Titled Tuesday Blitz January 31 Early 2023"]
[White "Nouri, Alekhine"]
[Black "Bruzon Batista, Lazaro"]
[WhiteFideId "5216184"]
[BlackFideId "3503739"]
[WhiteElo "2257"]
[BlackElo "2611"]
[Result "1-0"]
[Round "03"]
[TimeControl "180+2"]
[Date "2023.01.31"]
[WhiteClock "0:00:10"]
[BlackClock "0:00:21"]

1. e4 e5 2. Nf3 Nc6 3. d4 exd4 4. Nxd4 Bc5 5. Nb3 Bb6 6. Nc3 d6 7. Qe2 a5 8. a4 Nb4 9. h4 Nf6 10. Bg5 h6 11. Bf4 Be6 12. O-O-O Bxb3 13. cxb3 Qe7 14. f3 O-O 15. Qb5 Bc5 16. g4 c6 17. Qe2 Qe6 18. Qc4 Qe7 19. Bh3 Nd7 20. g5 Ne5 21. Qe2 h5 22. Rhf1 Rfe8 23. Bxe5 dxe5 24. Rd7 Qf8 25. Qc4 Be3+ 26. Kb1 Re7 27. Rfd1 Bd4 28. g6 Rae8 29. f4 Rxd7 30. Bxd7 Rd8 31. gxf7+ Kh8 32. fxe5 Bxe5 33. Qe6 Bf6 34. Qf5 g6 35. Qxf6+ Kh7 36. Rg1 Qg7 37. Qxd8 1-0


[Site "https://www.chess.com"]

[Event "Titled Tuesday Blitz January 31 Early 2023"]
[White "Kosteniuk, Alexandra"]
[Black "Vokhidov, Shamsiddin"]
[WhiteFideId "4128125"]
[BlackFideId "14204223"]
[WhiteElo "2535"]
[BlackElo "2586"]
[Result "0-1"]
[Round "03"]
[TimeControl "180+2"]
[Date "2023.01.31"]
[WhiteClock "0:01:14"]
[BlackClock "0:01:29"]

1. e4 Nf6 2. e5 Nd5 3. c4 Nb6 4. c5 Nd5 5. d4 d6 6. cxd6 cxd6 7. Nf3 Nc6 8. Bc4 dxe5 9. Bxd5 Qxd5 10. Nc3 Qd6 11. d5 Nd4 12. Nxd4 exd4 13. Qxd4 e5 14. Qd3 a6 15. Qg3 h5 16. Bg5 f6 17. Be3 Kf7 18. h4 Bf5 19. O-O Qd7 20. f4 e4 21. Rfd1 Bd6 22. Qf2 Rac8 23. Rac1 Rhe8 24. Ne2 Bg4 25. Rc3 Qa4 26. Rdc1 Qxa2 27. Rxc8 Rxc8 28. Rxc8 Bxc8 29. Nc3 Qc4 30. Qc2 Bf5 31. Qd1 g6 32. Qd2 Bg4 33. Qf2 b5 34. Kh2 b4 35. Na4 Qxd5 36. Qc2 Bd1 37. Nb6 Bxc2 38. Nxd5 a5 0-1


[Site "https://www.chess.com"]

[Event "Titled Tuesday Blitz January 31 Early 2023"]
[White "Hakobyan, Aram"]
[Black "Mahdavi, Reza"]
[WhiteFideId "13306677"]
[BlackFideId "12595926"]
[WhiteElo "2608"]
[BlackElo "2339"]
[Result "1-0"]
[Round "03"]
[TimeControl "180+2"]
[Date "2023.01.31"]
[WhiteClock "0:02:31"]
[BlackClock "0:00:24"]

1. e4 c5 2. Nf3 e6 3. d4 cxd4 4. Nxd4 Nc6 5. Bf4 Nf6 6. Nb5 e5 7. Bg5 a6 8. Bxf6 gxf6 9. Nd6+ Bxd6 10. Qxd6 Qa5+ 11. Nc3 Qb4 12. Qxf6 O-O 13. O-O-O 1-0


[Site "https://www.chess.com"]

[Event "Titled Tuesday Blitz January 31 Early 2023"]
[White "Svidler, Peter"]
[Black "Hambleton, Aman"]
[WhiteFideId "4102142"]
[BlackFideId "2606577"]
[WhiteElo "2683"]
[BlackElo "2420"]
[Result "1/2-1/2"]
[Round "03"]
[TimeControl "180+2"]
[Date "2023.01.31"]
[WhiteClock "0:01:02"]
[BlackClock "0:00:05"]

1. e4 c5 2. Nf3 e6 3. d4 cxd4 4. Nxd4 Nc6 5. Nc3 Qc7 6. Be3 a6 7. Qd2 Nf6 8. O-O-O b5 9. Nxc6 Qxc6 10. f3 Bb7 11. Bd4 Bc5 12. e5 Bxd4 13. Qxd4 Nd5 14. Ne4 O-O 15. Nd6 f6 16. Bd3 fxe5 17. Qxe5 Nf6 18. Rhe1 Rad8 19. Kb1 Ba8 20. a3 Qc7 21. Qd4 Bd5 22. Qe5 Ne8 23. Nxe8 Qxe5 24. Rxe5 Rfxe8 25. Be4 Bxe4 26. Rxe4 d5 27. Re5 Kf7 28. Rde1 g6 29. f4 Rd6 30. g3 Rc8 31. c3 h6 32. Kc2 Rc4 33. Kd3 Kf6 34. h4 h5 35. b3 Rc7 36. Kd4 Rdc6 37. R5e3 Rd6 38. Ra1 a5 39. a4 Rb6 40. b4 axb4 41. a5 Rc4+ 42. Kd3 Rxc3+ 43. Kd2 Ra6 44. Rxc3 bxc3+ 45. Kxc3 e5 46. fxe5+ Kxe5 47. Kb4 Ra8 48. a6 d4 49. Kxb5 d3 50. a7 Kd4 51. Kb6 d2 52. Kb7 Rd8 53. a8=Q Rxa8 54. Rxa8 Ke3 55. Re8+ Kf2 56. Rd8 Ke2 57. Kc6 d1=Q 58. Rxd1 Kxd1 59. Kd5 Ke2 60. Ke4 Kf2 61. Kf4 Kg2 62. g4 hxg4 63. Kxg4 Kh2 64. h5 gxh5+ 65. Kxh5 1/2-1/2


[Site "https://www.chess.com"]

[Event "Titled Tuesday Blitz January 31 Early 2023"]
[White "Wagh Suyog"]
[Black "Mitrabha, Guha"]
[WhiteFideId "25071688"]
[BlackFideId "5057000"]
[WhiteElo "2313"]
[BlackElo "2507"]
[Result "0-1"]
[Round "03"]
[TimeControl "180+2"]
[Date "2023.01.31"]
[WhiteClock "0:01:30"]
[BlackClock "0:01:58"]

1. d4 Nf6 2. Nf3 b6 3. Bg5 Bb7 4. Nbd2 d6 5. e3 Nbd7 6. Bd3 h6 7. Bh4 g5 8. Bg3 Nh5 9. c3 Bg7 10. Be4 d5 11. Bd3 Nxg3 12. hxg3 e6 13. Qe2 f5 14. O-O-O Qe7 15. Kb1 O-O-O 16. c4 Kb8 17. cxd5 Bxd5 18. e4 fxe4 19. Bxe4 Qd6 20. Rhe1 Rhe8 21. a3 Nf6 22. Nc4 Bxe4+ 23. Qxe4 Nxe4 24. Nxd6 Nxd6 0-1


[Site "https://www.chess.com"]

[Event "Titled Tuesday Blitz January 31 Early 2023"]
[White "Drygalov, Sergey"]
[Black "Fernandez Guillen, Ernesto J."]
[WhiteFideId "24171743"]
[BlackFideId "3512428"]
[WhiteElo "2547"]
[BlackElo "2477"]
[Result "1-0"]
[Round "03"]
[TimeControl "180+2"]
[Date "2023.01.31"]
[WhiteClock "0:00:18"]
[BlackClock "0:00:12"]

1. d4 Nf6 2. c4 g6 3. Nc3 Bg7 4. e4 d6 5. Nf3 O-O 6. Be2 e5 7. O-O Nc6 8. d5 Ne7 9. b4 Ne8 10. a4 f5 11. Ng5 h6 12. Ne6 Bxe6 13. dxe6 c6 14. c5 d5 15. exd5 cxd5 16. Qb3 Nc7 17. Rd1 d4 18. Bc4 Qc8 19. Nb5 Nxb5 20. axb5 Rd8 21. Bb2 b6 22. c6 Qc7 23. Rd2 Rd6 24. h4 h5 25. Qg3 Kh7 26. Rad1 Rad8 27. Rd3 a6 28. bxa6 Rxc6 29. Bb3 b5 30. R3d2 Qa7 31. Qg5 Rxa6 32. Kh1 Rad6 33. Ra1 Qb7 34. Qg3 e4 35. Rc2 d3 36. Bxg7 dxc2 37. Bb2 Rd1+ 38. Kh2 Rxa1 39. Qc3 Qb8+ 40. g3 Rg8 41. Bxa1 f4 42. Bxc2 fxg3+ 43. fxg3 Nf5 44. Bxe4 Qf8 45. Qe5 Qe7 46. Bxf5 gxf5 47. Qxf5+ Rg6 48. Qf7+ Rg7 49. Qxg7+ Qxg7 50. Bxg7 Kxg7 51. g4 Kf6 52. gxh5 Kxe6 53. Kg3 Kf7 54. Kg4 Kg7 55. Kg5 Kh7 56. Kf5 Kh6 57. Ke5 Kxh5 58. Kd5 Kxh4 59. Kc5 Kg5 60. Kxb5 Kf6 61. Kc6 Ke7 62. Kc7 1-0


[Site "https://www.chess.com"]

[Event "Titled Tuesday Blitz January 31 Early 2023"]
[White "Oparin, Grigoriy"]
[Black "Begmuratov, Khumoyun"]
[WhiteFideId "24125890"]
[BlackFideId "14210207"]
[WhiteElo "2667"]
[BlackElo "2387"]
[Result "0-1"]
[Round "03"]
[TimeControl "180+2"]
[Date "2023.01.31"]
[WhiteClock "0:00:07"]
[BlackClock "0:00:04"]

1. d4 Nf6 2. Nf3 e6 3. c4 b6 4. g3 Bb4+ 5. Bd2 Bxd2+ 6. Nbxd2 Bb7 7. Bg2 O-O 8. O-O d6 9. Qc2 Nbd7 10. e4 e5 11. d5 a5 12. b3 g6 13. a3 Ne8 14. h4 Ng7 15. b4 Qe7 16. Rfe1 f5 17. exf5 gxf5 18. Nd4 Qf6 19. Nb5 Rfc8 20. Qc3 Ba6 21. Nb3 a4 22. Nd2 Bxb5 23. cxb5 Ra7 24. Rac1 Re8 25. Nf1 Nf8 26. Rc2 Ng6 27. Rec1 h5 28. Nh2 Re7 29. Nf3 Ra8 30. Qd2 Ra7 31. Ng5 Qf8 32. Rc6 Qf6 33. R1c2 e4 34. Qc1 Ne5 35. Rxc7 Raxc7 36. Rxc7 Re8 37. Nh3 Nd3 38. Qc3 Qxc3 39. Rxc3 Kf7 40. Bf1 Ne5 41. Nf4 Kf6 42. Be2 Rh8 43. Rc7 Rd8 44. Bxh5 Nxh5 45. Nxh5+ Kg6 46. Nf4+ Kf6 47. Kg2 Nf3 48. h5 Rg8 49. Rc6 Ke5 50. Rxb6 Ne1+ 51. Kf1 Nf3 52. Rc6 Rb8 53. b6 Nd4 54. h6 Nf3 55. h7 Ng5 56. h8=Q+ Rxh8 57. Ng6+ Kxd5 58. Rxd6+ Kxd6 59. Nxh8 Kc6 60. Ng6 Kxb6 61. Ne7 Kb5 62. Nxf5 Kc4 63. Nd6+ Kb3 64. b5 Ne6 65. b6 Nc5 66. Nxe4 Nd7 67. g4 Kxa3 68. g5 Nxb6 69. g6 Nd5 70. g7 Ne7 71. f4 Kb2 72. Nd6 Kb3 73. Nb5 Kb4 74. Nd4 Kc3 75. Ne2+ Kb2 76. Nc1 Kxc1 77. f5 Ng8 78. Ke2 a3 79. Ke3 a2 80. Ke4 a1=Q 81. Kd5 Qxg7 0-1


[Site "https://www.chess.com"]

[Event "Titled Tuesday Blitz January 31 Early 2023"]
[White "Skliarov, Viktor"]
[Black "Madaminov, Mukhiddin"]
[WhiteFideId "14106736"]
[BlackFideId "14210703"]
[WhiteElo "2383"]
[BlackElo "2422"]
[Result "0-1"]
[Round "03"]
[TimeControl "180+2"]
[Date "2023.01.31"]
[WhiteClock "0:01:13"]
[BlackClock "0:01:15"]

1. e4 e5 2. Nc3 Nf6 3. Bc4 Nc6 4. d3 Na5 5. Nge2 Be7 6. O-O c6 7. Ng3 O-O 8. Nf5 Bb4 9. Bb3 d5 10. Bg5 Nxb3 11. axb3 Bxc3 12. bxc3 dxe4 13. dxe4 Qxd1 14. Rfxd1 Nxe4 15. Ne7+ Kh8 16. Nxc8 Rfxc8 17. Be3 Rd8 18. c4 Nc3 19. Rd3 Rxd3 20. cxd3 a6 21. Kf1 Rd8 22. Bd2 Rxd3 23. Bxc3 Rxc3 24. Rd1 g6 25. Rd7 Rxb3 26. Rxf7 a5 27. Re7 a4 28. Rxe5 b5 29. cxb5 cxb5 30. Re7 a3 31. Ra7 b4 32. g4 Rb2 33. h4 a2 34. Kg2 b3 35. h5 gxh5 36. gxh5 Rb1 37. h6 a1=Q 0-1


[Site "https://www.chess.com"]

[Event "Titled Tuesday Blitz January 31 Early 2023"]
[White "Milikow, Yoav"]
[Black "Ivic, Velimir"]
[WhiteFideId "2822237"]
[BlackFideId "950122"]
[WhiteElo "2394"]
[BlackElo "2595"]
[Result "1-0"]
[Round "03"]
[TimeControl "180+2"]
[Date "2023.01.31"]
[WhiteClock "0:00:06"]
[BlackClock "0:00:04"]

1. d4 Nf6 2. c4 e6 3. Nc3 d5 4. Nf3 c6 5. cxd5 exd5 6. Bf4 Bd6 7. Bxd6 Qxd6 8. e3 Bf5 9. Nh4 Bg4 10. Qb3 Qe7 11. h3 Bc8 12. Bd3 O-O 13. O-O Re8 14. Nf5 Bxf5 15. Bxf5 Qc7 16. Rad1 Nbd7 17. Qc2 Nf8 18. b4 a6 19. a4 g6 20. Bd3 Ne6 21. a5 Kg7 22. f4 Nf8 23. Rde1 Qd6 24. Qb1 Re7 25. Re2 Rae8 26. Rfe1 h5 27. Na4 h4 28. Nc5 Nh5 29. Qc1 Ng3 30. Rf2 Nh7 31. Rf3 Nf6 32. Bf1 Nfh5 33. Nd3 Ne4 34. Be2 Nhg3 35. Bd1 f6 36. Qb2 Qe6 37. Nc5 Qf7 38. Bc2 Nd6 39. Bd3 Ngf5 40. Qf2 Ng3 41. Na4 Nde4 42. Qc2 Nf5 43. Qc1 Nfd6 44. Nc5 Qg8 45. Qc2 Qh7 46. Bxe4 Nxe4 47. Qd3 Nd6 48. Rf2 Qh5 49. Rfe2 Kh8 50. Qd1 g5 51. fxg5 Qxg5 52. Qd3 Rg7 53. Rf2 Nc4 54. e4 Nd6 55. e5 f5 56. Ref1 Ne4 57. Re2 Reg8 58. Rf3 Ng3 59. Re1 Nh5 60. Re2 Nf4 61. Rxf4 Qxf4 62. Ne6 Qg3 63. Qxf5 Qg5 64. Nxg5 Rxg5 65. Qf6+ R8g7 66. e6 Kg8 1-0


[Site "https://www.chess.com"]

[Event "Titled Tuesday Blitz January 31 Early 2023"]
[White "Moroni, Luca Jr"]
[Black "Agasarov, Benik"]
[WhiteFideId "865834"]
[BlackFideId "13314823"]
[WhiteElo "2535"]
[BlackElo "2235"]
[Result "1-0"]
[Round "03"]
[TimeControl "180+2"]
[Date "2023.01.31"]
[WhiteClock "0:00:05"]
[BlackClock "0:00:03"]

1. d4 Nf6 2. Nf3 d5 3. c3 c5 4. Bf4 Nc6 5. e3 Qb6 6. Qb3 c4 7. Qc2 Bf5 8. Qc1 Nh5 9. Bg3 Nxg3 10. hxg3 h5 11. Nbd2 e6 12. Be2 Be7 13. Nh4 g6 14. Nxf5 exf5 15. b3 cxb3 16. axb3 Rc8 17. Qb2 Bf6 18. Bf3 Qd8 19. O-O h4 20. gxh4 Bxh4 21. g3 Bf6 22. Kg2 O-O 23. Rh1 Kg7 24. c4 dxc4 25. bxc4 Nxd4 26. exd4 Bxd4 27. Qc2 Bxa1 28. Rxa1 Qd4 29. Ra2 b5 30. Be2 bxc4 31. Nxc4 Rh8 32. Qb2 Qxb2 33. Rxb2 Rc7 34. Ne3 Re8 35. Ra2 Re5 36. Ra6 Re6 37. Ra5 Rc3 38. Rxa7 Rexe3 39. fxe3 Rxe3 40. Bc4 g5 41. Rxf7+ Kg6 42. Ra7 f4 43. g4 Rg3+ 44. Kf2 Rxg4 45. Bd3+ Kf6 46. Ra6+ Ke7 47. Ra5 Rg3 48. Be4 Re3 49. Bf3 Kf6 50. Kg2 Re5 51. Ra6+ Re6 52. Ra8 Re3 53. Ra7 g4 54. Bc6 Re2+ 55. Kf1 Rc2 56. Ra6 Ke5 57. Ra5+ Kd4 58. Ra4+ Ke5 59. Ra5+ Kd6 60. Be4 f3 61. Bxc2 g3 62. Rg5 1-0


[Site "https://www.chess.com"]

[Event "Titled Tuesday Blitz January 31 Early 2023"]
[White "Gokerkan, Cem Kaan"]
[Black "Szpar, Milosz"]
[WhiteFideId "6336760"]
[BlackFideId "1184989"]
[WhiteElo "2500"]
[BlackElo "2447"]
[Result "1-0"]
[Round "03"]
[TimeControl "180+2"]
[Date "2023.01.31"]
[WhiteClock "0:01:29"]
[BlackClock "0:00:02"]

1. e4 c5 2. c3 d5 3. exd5 Qxd5 4. d4 Nf6 5. Nf3 Bg4 6. Be2 e6 7. h3 Bh5 8. O-O Nc6 9. Be3 cxd4 10. cxd4 Be7 11. Nc3 Qd6 12. Qb3 O-O 13. Rfd1 Qb4 14. d5 Qxb3 15. axb3 exd5 16. Nxd5 Bd8 17. Nf4 Bg6 18. b4 Bb6 19. b5 Bxe3 20. Nxg6 hxg6 21. bxc6 Bb6 22. cxb7 Rab8 23. Ba6 Ne4 24. Nd4 Nc5 25. Nc6 Nxa6 26. Nxb8 Nxb8 27. Rac1 Na6 28. Rc8 Nb8 29. Re1 Nd7 30. Re7 Nb8 31. Ree8 Bc7 32. Rxf8+ 1-0


[Site "https://www.chess.com"]

[Event "Titled Tuesday Blitz January 31 Early 2023"]
[White "Jones, Gawain C B"]
[Black "Martinez Ramirez, Lennis"]
[WhiteFideId "409561"]
[BlackFideId "3509079"]
[WhiteElo "2618"]
[BlackElo "2426"]
[Result "1-0"]
[Round "03"]
[TimeControl "180+2"]
[Date "2023.01.31"]
[WhiteClock "0:00:15"]
[BlackClock "0:00:01"]

1. Nf3 d5 2. c4 d4 3. b4 Bg4 4. Qb3 Nf6 5. Ne5 Bf5 6. Bb2 e6 7. Nf3 c5 8. bxc5 Bxc5 9. Qb5+ Nbd7 10. Bxd4 a6 11. Qb2 O-O 12. Nc3 Rc8 13. e3 Re8 14. Bxf6 Qxf6 15. d4 Bb6 16. Be2 Ba5 17. O-O b5 18. Rac1 bxc4 19. Qa3 Qd8 20. Na4 Be4 21. Rfd1 Bd5 22. Nc3 f5 23. Qd6 Nb6 24. Qa3 Nd7 25. Nd2 Nf6 26. Na4 Bxd2 27. Rxd2 Ne4 28. Rdc2 Qg5 29. f3 Nf6 30. Kh1 Kh8 31. Bxc4 Rcd8 32. Nc5 f4 33. e4 Bxc4 34. Rxc4 1-0


[Site "https://www.chess.com"]

[Event "Titled Tuesday Blitz January 31 Early 2023"]
[White "Yelisieiev, Yevhenii"]
[Black "Grigoriants, Sergey"]
[WhiteFideId "14139642"]
[BlackFideId "4130804"]
[WhiteElo "2418"]
[BlackElo "2562"]
[Result "0-1"]
[Round "03"]
[TimeControl "180+2"]
[Date "2023.01.31"]
[WhiteClock "0:00:19"]
[BlackClock "0:01:47"]

1. d4 Nf6 2. Nf3 d5 3. c4 e6 4. Nc3 c6 5. e3 Nbd7 6. Qc2 Bd6 7. Bd3 O-O 8. O-O dxc4 9. Bxc4 b5 10. Be2 a6 11. Rd1 Qc7 12. a4 Bb7 13. e4 e5 14. axb5 cxb5 15. Qb1 exd4 16. Rxd4 Bc5 17. Rd1 Rfe8 18. Bd3 Ng4 19. Rf1 Nde5 20. Nxe5 Qxe5 21. g3 Qh5 22. h4 Nxf2 23. Rxf2 Qf3 24. Qc2 Qxg3+ 25. Kf1 Bxf2 26. Qxf2 Qxd3+ 27. Kg1 b4 28. Nd5 Bxd5 29. exd5 Qd1+ 30. Kg2 Re2 0-1


[Site "https://www.chess.com"]

[Event "Titled Tuesday Blitz January 31 Early 2023"]
[White "Darini, Pouria"]
[Black "Baskakov, Egor"]
[WhiteFideId "12502200"]
[BlackFideId "24197866"]
[WhiteElo "2401"]
[BlackElo "2215"]
[Result "0-1"]
[Round "03"]
[TimeControl "180+2"]
[Date "2023.01.31"]
[WhiteClock "0:00:06"]
[BlackClock "0:01:27"]

1. e4 c5 2. Nf3 Nf6 3. e5 Nd5 4. Nc3 e6 5. g3 Nc6 6. Bg2 d6 7. exd6 Bxd6 8. O-O O-O 9. d3 Nxc3 10. bxc3 e5 11. Nd2 Be6 12. Rb1 Qc7 13. a4 Rad8 14. Ne4 Be7 15. Be3 b6 16. f4 f5 17. Nd2 g6 18. Qf3 Bd5 19. Qxd5+ Rxd5 20. Bxd5+ Kg7 21. Nc4 Bf6 22. a5 Rb8 23. axb6 axb6 24. Rfe1 b5 25. Nd2 b4 26. Nc4 e4 27. dxe4 Bxc3 28. Red1 Nd4 29. Bxd4+ Bxd4+ 30. Kf1 fxe4 31. Bxe4 Qd7 32. c3 Qe6 33. Bd3 Bxc3 34. Rbc1 Rd8 0-1


[Site "https://www.chess.com"]

[Event "Titled Tuesday Blitz January 31 Early 2023"]
[White "Ter-Sahakyan, Samvel"]
[Black "Reprintsev, Alexander"]
[WhiteFideId "13302531"]
[BlackFideId "14100541"]
[WhiteElo "2617"]
[BlackElo "2253"]
[Result "1-0"]
[Round "03"]
[TimeControl "180+2"]
[Date "2023.01.31"]
[WhiteClock "0:00:06"]
[BlackClock "0:00:01"]

1. d4 d5 2. c4 e5 3. dxe5 d4 4. Nf3 Nc6 5. g3 Nge7 6. Nbd2 Ng6 7. Nb3 Ngxe5 8. Bg2 Nxf3+ 9. Bxf3 Bb4+ 10. Bd2 Be7 11. O-O Bh3 12. Re1 O-O 13. a3 Qd7 14. Nc1 Ne5 15. Nd3 Nxf3+ 16. exf3 Bf5 17. Ne5 Qc8 18. Bf4 c5 19. b3 Re8 20. Qd2 f6 21. Nd3 Qc6 22. g4 Bg6 23. Kg2 Bd6 24. Bxd6 Qxd6 25. b4 b6 26. bxc5 bxc5 27. Nf4 Bf7 28. Rxe8+ Rxe8 29. Rc1 g5 30. Nd3 Bg6 31. h3 h5 32. Rd1 hxg4 33. hxg4 Kf7 34. Rh1 Kg7 35. Qd1 Re7 36. Qd2 Kg8 37. Qd1 Rh7 38. Rxh7 Kxh7 39. Qe2 Kg7 40. Qd2 a5 41. Qe2 a4 42. Qd2 Qe7 43. Qd1 Qc7 44. Qe2 Qf7 45. Nxc5 Kg8 46. Ne4 Kg7 47. c5 Qd5 48. Nd6 d3 49. Qe7+ Bf7 50. Nf5+ Kg8 51. Qxf6 Kf8 52. Qe7+ Kg8 53. Qxg5+ Kf8 54. Qe7+ Kg8 55. Qf6 Kf8 56. Qh8+ Bg8 57. Qg7+ 1-0


[Site "https://www.chess.com"]

[Event "Titled Tuesday Blitz January 31 Early 2023"]
[White "Kopczynski, Michal"]
[Black "Kravtsiv, Martyn"]
[WhiteFideId "1124200"]
[BlackFideId "14113147"]
[WhiteElo "2225"]
[BlackElo "2598"]
[Result "0-1"]
[Round "03"]
[TimeControl "180+2"]
[Date "2023.01.31"]
[WhiteClock "0:00:05"]
[BlackClock "0:00:32"]

1. e4 e5 2. Nf3 Nc6 3. Bb5 a6 4. Ba4 Nf6 5. O-O Be7 6. Re1 b5 7. Bb3 O-O 8. a4 b4 9. d3 d6 10. h3 Na5 11. Ba2 c5 12. Bg5 h6 13. Bh4 Nh5 14. Bxe7 Qxe7 15. c3 Nf4 16. d4 Qf6 17. Nbd2 Bxh3 18. g3 Nd3 19. dxe5 Nxe5 20. Nxe5 dxe5 21. cxb4 cxb4 22. Bd5 Rac8 23. Qf3 Rc2 24. Qxf6 gxf6 25. Nf3 Rxb2 26. Rab1 Rxb1 27. Rxb1 Rb8 28. Nd2 Bd7 29. Nc4 Nxc4 30. Bxc4 a5 31. Bb3 Kf8 32. Kf1 Ke7 33. Ke2 Rc8 34. Kd2 Rc3 35. Bc2 Ra3 36. Rh1 Bxa4 37. Bb1 Rf3 38. Ke2 Rb3 39. Kd2 Bb5 40. Kc1 Rc3+ 41. Kb2 Rf3 42. Rh2 a4 43. Bc2 a3+ 44. Ka1 b3 45. Bd1 Rc3 46. Kb1 Bd3+ 47. Ka1 Rc1# 0-1


[Site "https://www.chess.com"]